 Dungeon Crawl Stone Soup version 0.28-a0-2-g643f2454ad (webtiles) character file.

Game seed: 12851117569179089816

1770 Zonian the Covert (level 8, -17/54 HPs)
             Began as a Spriggan Conjurer on July 23, 2021.
             Was a Follower of Jiyva.
             Demolished by Harold (20 damage)
             ... on level 7 of the Dungeon.
             The game lasted 00:19:12 (9390 turns).

Zonian the Covert (Spriggan Conjurer)               Turns: 9390, Time: 00:19:13

Health: -17/54     AC:  3    Str:  4    XL:     8   Next: 80%
Magic:  0/15       EV: 21    Int: 19    God:    Jiyva [*.....]
Gold:   224        SH:  0    Dex: 15    Spells: 8/15 levels left

rFire   . . .      SeeInvis +   b - +2 rapier (venom)
rCold   + . .      Faith    .   (shield restricted)
rNeg    . . .      Spirit   +   a - +0 robe
rPois   .          Reflect  .   (helmet restricted)
rElec   .          Harm     .   h - +0 cloak
rCorr   .          Rampage  .   (gloves unavailable)
Will    +....                   (boots unavailable)
Stlth   ..........              m - amulet of guardian spirit
HPRegen 0.18/turn               f - ring of protection from cold
MPRegen 0.14/turn               e - ring of wizardry

@: berserking, marked, very quick
A: very small, no large weapons, unfitting armour, see invisible, speed 3
a: Renounce Religion, Request Jelly


You were on level 7 of the Dungeon.
You worshipped Jiyva.
Jiyva was aware of your devotion.
You visited 2 branches of the dungeon, and saw 8 of its levels.
You also visited: Ossuary.

You collected 224 gold pieces.

Inventory:

Hand Weapons
 b - a +2 rapier of venom (weapon)
 c - a +0 dagger
 l - a +0 hunting sling
Missiles
 k - 47 sling bullets
 y - 2 curare-tipped darts
Armour
 a - a +0 robe (worn)
 h - a +0 cloak (worn)
 v - a +0 helmet
Jewellery
 e - a ring of wizardry (right hand)
 f - a ring of protection from cold (left hand)
 g - an amulet of magic regeneration
 j - a ring of positive energy
 m - an amulet of guardian spirit (around neck)
Wands
 n - a wand of digging (4)
Scrolls
 d - a scroll of identify
 o - 2 scrolls of teleportation
 u - a scroll of immolation
Potions
 i - a potion of invisibility
 p - 2 potions of flight
 q - 3 potions of curing
 r - 2 potions of haste
 s - a potion of cancellation
 t - a potion of brilliance
 w - a potion of resistance
 x - a potion of magic
 A - 2 potions of lignification {unknown}
 B - a potion of might {unknown}


   Skills:
 + Level 5.6 Short Blades
 + Level 7.5 Dodging
 + Level 9.4 Stealth
 - Level 4.0 Spellcasting
 - Level 3.9 Conjurations
 + Level 3.7 Translocations
 + Level 4.3 Evocations


You had 8 spell levels left.
You knew the following spells:

 Your Spells              Type           Power      Damage    Failure   Level
a - Magic Dart            Conj           72%        1d6       1%          1
b - Searing Ray           Conj           36%        3d4       1%          2
c - Iskenderun's Mystic   Conj/Tloc      18%        2d6       12%         4

Your spell library contained the following spells:

 Spells                   Type           Power      Damage    Failure   Level
 Apportation              Tloc           34%        N/A       1%          1
 Animate Skeleton         Necr           6%         N/A       6%          1
 Corona                   Hex            3%         N/A       6%          1
 Summon Small Mammal      Summ           12%        N/A       6%          1
 Dazzling Flash           Conj/Hex       22%        N/A       8%          3
 Stone Arrow              Conj/Erth      22%        3d8       8%          3
 Slow                     Hex            3%         N/A       9%          2
 Confusing Touch          Hex            3%         N/A       16%         3
 Vampiric Draining        Necr           1%         2d6       16%         3
 Fulminant Prism          Conj/Hex       5%         3d7       24%         4
 Bolt of Magma            Conj/Fire/Erth 4%         4d5       63%         5
 Shatter                  Erth           1%         3d6*      100%        9


Dungeon Overview and Level Annotations

Branches:
Dungeon (7/15)             Temple (1/1) D:4         Ossuary (visited)

Altars:
Ashenzari
Cheibriados
Dithmenos
Elyvilon
Fedhas
Gozag
Hepliaklqana
Kikubaaqudgha
Makhleb
Nemelex Xobeh
Qazlal
Ru
Sif Muna
Trog
Uskayaw
Vehumet
Wu Jian
Xom
Yredelemnul
Zin
The Shining One
Jiyva

Annotations:
D:5 reversiblehash's ghost, amateur DrEE
D:7 Harold


Innate Abilities, Weirdness & Mutations

You are very small and have problems with some larger weapons.
You are too small for most types of armour.
You have supernaturally acute eyesight. (SInv)
You cover ground extremely quickly. (Speed+++)


Message History

The searing ray hits Harold!
Harold is moderately wounded. (Press . to maintain the ray.)
The searing ray hits Harold.
Harold is moderately wounded.
Harold closely misses you.
Unknown command.
The searing ray hits Harold.
Harold is moderately wounded.
Harold hits you with a +0 morningstar!
Unknown command.
The searing ray hits Harold but does no damage.
Harold is moderately wounded.
You finish channeling your searing ray.
Harold gestures at you while chanting. The mark upon you grows brighter.
Unknown command.
You closely miss Harold.
Harold is moderately wounded.
Harold casts a spell at you. The mark upon you grows brighter.
You hit Harold.
Harold is poisoned.
Harold is moderately wounded.
Harold says, "Try to look on the bright side.
Your death will help put my children through school."
Harold hits you with a +0 morningstar!
Unknown command.
A red film seems to cover your vision as you go berserk!
You feel yourself moving faster!
You feel mighty! Harold hits you with a +0 morningstar.
* * * LOW HITPOINT WARNING * * *
You barely miss Harold.
Harold is moderately wounded.
Harold hits you with a +0 morningstar!
* * * LOW HITPOINT WARNING * * *
You hit Harold but do no damage.
Harold is moderately wounded.
You puncture Harold!
Harold looks as sick as possible!
Harold is moderately wounded.
Harold hits you with a +0 morningstar!!
You die...

.............................#
.......###..........##.##..###
........###........##..###.##
#......## #.....#..#....J...#
.......####.....###....##..J.#
###..........##....>.#.......#
.............#.......#.......#
................##...#........
...#.....###....@@......#.....
..##.##..##.(..#####..####.#.
..##.###.....##.# ... .#
...........### ## . #
...........# #.........##
........### .........#
.........#


You could see Harold (extremely poisoned).

Vanquished Creatures
  Prince Ribbit (D:7)
  A wraith (D:7)
  Menkaure (D:7)
  Edmund (D:4)
  A black bear (D:7)
  2 ice beasts
  A sky beast (D:7)
  A centaur (D:6)
  5 scorpions
  A water moccasin skeleton (D:5)
  A bullfrog zombie (D:5)
  A hound (D:6)
  4 human zombies (Ossuary)
  4 scorpion zombies (Ossuary)
  Natasha (thrice) (D:2)
  3 iguanas
  A hound zombie (D:5)
  3 mummies (Ossuary)
  3 gnolls (D:4)
  8 adders
  2 worms
  A dart slug (D:1)
  6 orcs
  7 bats
  4 endoplasms
  3 giant cockroaches
  6 goblins
  3 hobgoblins
  7 jackals (D:3)
  3 quokkas
  5 ball pythons
  4 frilled lizards
  3 goblin zombies (Ossuary)
  A hobgoblin zombie (Ossuary)
  6 kobolds
  A kobold zombie (Ossuary)
  An orc zombie (Ossuary)
  2 quokka zombies (D:4)
  10 rats
121 creatures vanquished.

Vanquished Creatures (others)
  A necrophage (D:5)
  A centaur (D:7)
  2 scorpions
  A centaur zombie (Ossuary)
  A hound (D:7)
  A centaur skeleton (D:7)
  18 jellies
  An iguana (D:5)
  A scorpion zombie (Ossuary)
  A howler monkey skeleton (D:6)
  A shadow imp (D:7)
  A white imp (D:6)
  A gnoll zombie (Ossuary)
  A goblin (D:4)
  A hobgoblin (D:4)
  A hobgoblin zombie (Ossuary)
  A kobold zombie (Ossuary)
35 creatures vanquished.

Grand Total: 156 creatures vanquished

Notes
Turn   | Place    | Note
-------+----------+-------------------------------------------
     0 | D:1      | Zonian the Spriggan Conjurer began the quest for the Orb.
     0 | D:1      | Reached XP level 1. HP: 9/9 MP: 5/5
   459 | D:1      | Reached XP level 2. HP: 13/13 MP: 1/6
  1341 | D:2      | Reached XP level 3. HP: 16/16 MP: 3/8
  1413 | D:2      | Learned a level 2 spell: Searing Ray
  1669 | D:2      | Noticed Natasha
  1683 | D:2      | Killed Natasha
  1684 | D:2      | Reached skill level 4 in Stealth
  1684 | D:2      | Reached XP level 4. HP: 15/21 MP: 2/10
  1886 | D:2      | Noticed Natasha
  1896 | D:2      | Killed Natasha
  2016 | D:2      | Noticed Natasha
  2027 | D:2      | Killed Natasha
  2516 | D:3      | Reached XP level 5. HP: 24/24 MP: 8/12
  2633 | D:3      | Identified a scroll of acquirement
  2633 | D:3      | Acquired a +2 rapier of venom
  2698 | D:3      | Found a glowing golden altar of the Shining One.
  3077 | D:3      | Found a burning altar of Makhleb.
  3198 | D:3      | Reached skill level 1 in Short Blades
  3287 | D:3      | Noticed a cacodemon
  3290 | D:3      | Noticed a ynoxinul
  3290 | D:3      | Noticed a hellwing
  3655 | D:4      | Reached skill level 5 in Stealth
  3834 | D:4      | Found a blossoming altar of Fedhas.
  3863 | D:4      | Found a staircase to the Ecumenical Temple.
  3872 | Temple   | Entered the Ecumenical Temple
  3956 | Temple   | Became a worshipper of Jiyva Jooxah the Shapeless
  4004 | D:4      | Noticed Edmund
  4023 | D:4      | Killed Edmund
  4024 | D:4      | Reached XP level 6. HP: 10/28 MP: 2/13
  4152 | D:4      | Found a sand-covered staircase.
  4160 | Ossuary  | Entered an ossuary
  4349 | Ossuary  | Reached skill level 6 in Stealth
  4583 | Ossuary  | Reached skill level 5 in Dodging
  4625 | Ossuary  | Reached XP level 7. HP: 18/32 MP: 11/14
  4864 | Ossuary  | Reached skill level 7 in Stealth
  6067 | D:5      | Entered Level 5 of the Dungeon
  6159 | D:5      | Reached skill level 1 in Evocations
  6170 | D:5      | Reached skill level 8 in Stealth
  6281 | D:5      | Found a shimmering altar of Xom.
  6444 | D:5      | Reached * piety under Jiyva
  6607 | D:5      | Found a runed translucent door.
  6612 | D:5      | Noticed reversiblehash's ghost (amateur DrEE)
  6972 | D:6      | Reached XP level 8. HP: 27/36 MP: 11/15
  7137 | D:6      | Found a radiant altar of Vehumet.
  7141 | D:6      | Found an ornate altar of the Wu Jian Council.
  7141 | D:6      | Found a white marble altar of Elyvilon.
  7154 | D:6      | Found an ancient bone altar of Kikubaaqudgha.
  7157 | D:6      | Found a sparkling altar of Nemelex Xobeh.
  7608 | D:6      | Found an opulent altar of Gozag.
  7739 | D:7      | Learned a level 4 spell: Iskenderun's Mystic Blast
  7786 | D:6      | Reached skill level 1 in Translocations
  8216 | D:7      | Noticed Menkaure
  8223 | D:7      | Killed Menkaure
  8224 | D:7      | Reached skill level 5 in Short Blades
  8260 | D:7      | Noticed Prince Ribbit
  8264 | D:7      | Killed Prince Ribbit
  8265 | D:7      | Reached skill level 9 in Stealth
  8312 | D:7      | Noticed Harold
  9388 | D:7      | HP: 2/54 [Harold (10)]
  9390 | D:7      | Demolished by Harold

Illustrated notes

Levels and vault maps discovered:
D:1:      dpeg_arrival_boxes_within_box, layout_rooms
D:2:      minmay_general_purpose_star, layout_loops_ring, uniq_natasha
D:3:      layout_rooms, makhleb_altar_promises_db,
          mainiacjoe_overflow_concentric_impassable, corner_web_ring,
          kennysheep_generic_room_11
D:4:      layout_gridville, lemuel_crystal_altar,
          minmay_temple_entry_drinking_statues, serial_glass, glass_columns_b,
          glass_columns_a, enter_ossuary_4, uniq_edmund
D:5:      layout_rooms, mainiacjoe_overflow_cross_hatched, ebering_ghost_sewer_d
D:6:      layout_rooms, mainiacjoe_overflow_alcove_2,
          minmay_overflow_temple_star_hex
D:7:      layout_cave_pools, kennysheep_generic_room_6, uniq_menkaure,
          uniq_prince_ribbit1, uniq_harold
Temple:   pf_slimified_temple

Skill      XL: |  1  2  3  4  5  6  7  8 |
---------------+-------------------------+-----
Conjurations   | 3 |  3.9
Spellcasting   | 3 4 |  4.0
Stealth        | 4 5 6 8 9 |  9.4
Dodging        | 3 4 5 6 7 |  7.5
Short Blades   | 2 3 4 5 |  5.6
Evocations     | 2 4 |  4.3
Translocations | 3 |  3.7

Action                   |  1- 3 |  4- 6 |  7- 9 || total
-------------------------+-------+-------+-------++-------
Melee: Unarmed           |     5 |       |       ||     5
       Dagger            |     6 |     7 |       ||    13
       Rapier            |       |    95 |   291 ||   386
 Cast: Magic Dart        |    60 |    45 |    16 ||   121
       Searing Ray       |     1 |     4 |     4 ||     9
Invok: Request Jelly     |       |       |     1 ||     1
  Use: Potion            |       |     1 |     1 ||     2
       Scroll            |       |     7 |     6 ||    13
 Stab: Sleeping          |     1 |     3 |     8 ||    12
       Distracted        |       |       |     1 ||     1
Armor: Robe              |     1 |    12 |    28 ||    41
Dodge: Dodged            |    20 |   101 |   254 ||   375

Table legend: (Time is in decaauts)
 A = Elapsed time spent in this place.
 B = Non-inter-level travel time spent in this place.
 C = Inter-level travel time spent in this place.
 D = Time resting spent in this place.
 E = Time spent auto-exploring this place.
 F = Levels seen in this place.
 G = Mean time per level.
                   A        B        C        D        E       F      G
               +--------+--------+--------+--------+--------+-----+--------+
         Total |   7865 |   7774 |     91 |   3944 |   2432 |   9 |  873.9 |
       Dungeon |   6507 |   6416 |     91 |   2986 |   2391 |   7 |  929.6 |
        Temple |     63 |     63 |      0 |      0 |     19 |   1 |   63.0 |
       Ossuary |   1294 |   1294 |      0 |    958 |     20 |   1 | 1294.0 |
               +--------+--------+--------+--------+--------+-----+--------+

Top non-repeatable levels by time:
 Ossuary: 1294 daAuts
     D:1: 1106 daAuts
     D:6: 1095 daAuts
     D:2: 1012 daAuts
     D:7: 951 daAuts
     D:4: 930 daAuts
     D:3: 900 daAuts
     D:5: 512 daAuts
  Temple: 63 daAuts
